 Dungeon Crawl Stone Soup version 0.19.0-2-gae57169 (webtiles) character file.

389 Jerry the Covered (level 6, -2/55 HPs)
             Began as a Deep Dwarf Fighter on Nov 2, 2016.
             Was an Initiate of Makhleb.
             Slain by an ogre
             ... wielding a +0 giant club
              (14 damage)
             ... on level 4 of the Dungeon.
             The game lasted 00:12:44 (2814 turns).

Jerry the Covered (Deep Dwarf Fighter)              Turns: 2814, Time: 00:12:45

Health: -2/55      AC:  8    Str: 19    XL:     6   Next: 49%
Magic:  5/5        EV:  9    Int:  9    God:    Makhleb [......]
Gold:   131        SH:  0    Dex: 14    Spells: 1 memorised, 4 levels left

rFire  . . .     SeeInvis .     j - +0 hand axe
rCold  . . .     Gourm    .     b - +0 scale mail
rNeg   . . .     Faith    .     (no shield)
rPois  .         Spirit   .     y - +0 helmet
rElec  .         Reflect  .     (no cloak)
rCorr  .         Harm     .     (no gloves)
MR     .....                    (no boots)
Stlth  ..........               (no amulet)
                                (no ring)
                                (no ring)

@: non-regenerating
A: damage resistance, recharge devices, sense surroundings 1, slow regeneration
3
a: Device Recharging, Renounce Religion


You were on level 4 of the Dungeon.
You worshipped Makhleb.
Makhleb was noncommittal.
You were very hungry.

You visited 2 branches of the dungeon, and saw 5 of its levels.

You collected 131 gold pieces.

Inventory:

Hand Weapons
 a - a +0 war axe
 g - a +0 hunting sling
 j - a +0 hand axe (weapon)
Missiles
 i - 60 sling bullets
 p - 8 tomahawks (quivered)
Armour
 b - a +0 scale mail (worn)
 c - a +0 shield
 y - a +0 helmet (worn)
Magical Staves
 r - an uncursed staff of wizardry
Wands
 e - a wand of heal wounds (4/9)
Scrolls
 d - a scroll of enchant armour {unknown}
 h - 5 scrolls of identify
 k - a scroll of enchant weapon
 m - a scroll of teleportation
 x - a scroll of remove curse
Potions
 n - a potion of ambrosia {unknown}
 o - 2 potions of curing {unknown}
 q - a potion of berserk rage {unknown}
 t - a potion of heal wounds {unknown}
 v - a potion of mutation {unknown}
 w - a potion of beneficial mutation {unknown}
Books
 u - a book of Cantrips

   Spells                             Type                      Level
   a - Confusing Touch                Hexes                        1
   b - Animate Skeleton               Necromancy                   1
   c - Summon Small Mammal            Summoning                    1
   d - Apportation                    Translocation                1
Comestibles
 f - 3 bread rations
 l - 7 fruits
 s - a slice of pizza


   Skills:
 - Level 2.6 Fighting
 + Level 4.8 Axes
 + Level 5.4 Armour
 - Level 3.2 Shields
 * Level 3.8 Necromancy


You had 4 spell levels left.
You knew the following spells:

 Your Spells              Type           Power        Failure   Level  Hunger
a - Animate Skeleton      Necr           N/A          28%         1    ##.....


Dungeon Overview and Level Annotations

Branches:
Dungeon (4/15)             Temple (1/1) D:4

Altars:
Elyvilon
Hepliaklqana
Kikubaaqudgha
Makhleb
Nemelex Xobeh
Qazlal
Sif Muna
Trog
Xom
Yredelemnul
Zin

Annotations:
D:4 zodiitti's ghost, amateur GrFi


Innate Abilities, Weirdness & Mutations

You are resistant to damage.
You can recharge devices by infusing magical energy.
You passively map a small area around you.
You do not regenerate.


Message History

The ogre hits you with a giant club!!
You hit the ogre.
The ogre is lightly wounded.
The ogre barely misses you.
You barely miss the ogre.
The ogre is lightly wounded.
The ogre barely misses you.
You hit the ogre.
The ogre is lightly wounded.
The ogre hits you with a giant club!
* * * LOW HITPOINT WARNING * * *
You hit the ogre.
The ogre is moderately wounded.
You hit the ogre.
The ogre is moderately wounded.
The ogre closely misses you.
You barely miss the ogre.
The ogre is moderately wounded.
The ogre hits you with a giant club!
You die...

, ...#.#..##.........## * ..#
#.#.###..........# * #.# ##.W.#
#...)......# * #.###..###
#...)......# , * #....#
#........(.# #.....#.##
#..........# ##...##.#
##.........#
###..#.#..######..........#
#........WO@.[............# ,,
.......###.###...........# . ,*
#.####.# #.# #...........#
...####.###..###'###...........##
>.......So.....'_###............)
..####..###..###'###.........####
#...## ##.# #.# #.######### #.
*#.#######o###.###.# #.
#.####......S....o###########.


You could see an ogre and zodiitti's ghost.

Vanquished Creatures
  A phantom (D:4)
  An ogre (D:3)
  Blork the orc (D:4)
  An iguana (D:3)
  6 adders
  An ooze (D:1)
  2 worms
  A dart slug (D:1)
  2 leopard geckos
  6 orcs
  A ball python (D:3)
  7 bats
  A giant cockroach (D:3)
  6 goblins
  6 hobgoblins
  4 jackals (D:1)
  8 frilled lizards
  3 kobolds
  9 rats
67 creatures vanquished.

Notes
Turn   | Place    | Note
-------+----------+-------------------------------------------
     0 | D:1      | Jerry the Deep Dwarf Fighter began the quest for the Orb.
     0 | D:1      | Reached XP level 1. HP: 20/20 MP: 1/1
    43 | D:1      | Reached XP level 2. HP: 17/27 MP: 2/2
   575 | D:1      | Reached XP level 3. HP: 12/33 MP: 3/3
   601 | D:1      | Reached skill level 4 in Armour
  1096 | D:2      | Reached XP level 4. HP: 30/40 MP: 4/4
  1748 | D:3      | Learned a level 1 spell: Animate Skeleton
  2115 | D:3      | Found a deep blue altar of Sif Muna.
  2196 | D:3      | Reached skill level 1 in Necromancy
  2220 | D:3      | Reached XP level 5. HP: 41/46 MP: 5/5
  2270 | D:3      | Noticed an ogre
  2277 | D:3      | Killed an ogre
  2277 | D:3      | Reached skill level 5 in Armour
  2426 | D:4      | Found a bloodstained altar of Trog.
  2432 | D:4      | Noticed Blork the orc
  2441 | D:4      | Killed Blork the orc
  2441 | D:4      | Reached XP level 6. HP: 46/55 MP: 6/6
  2498 | D:4      | Noticed zodiitti's ghost (amateur GrFi)
  2649 | D:4      | Found a staircase to the Ecumenical Temple.
  2691 | Temple   | Entered the Ecumenical Temple
  2699 | Temple   | Became a worshipper of Makhleb the Destroyer
  2814 | D:4      | Slain by an ogre

Skill      XL: |  1  2  3  4  5 |
---------------+----------------+-----
Axes           | 3 4 |  4.8
Armour         | 4 5 |  5.4
Necromancy     | 1 3 |  3.8
Fighting       | |  2.6
Shields        | |  3.2

Action                   |  1- 3 |  4- 6 || total
-------------------------+-------+-------++-------
Melee: War axe           |    45 |       ||    45
       Hand axe          |    71 |   175 ||   246
 Fire: Hunting sling     |    23 |       ||    23
 Abil: Device Recharging |       |     1 ||     1
Evoke: Wand              |     1 |     5 ||     6
  Use: Scroll            |     2 |     3 ||     5
       Potion            |       |     1 ||     1
  Eat: Chunk             |     1 |     4 ||     5
Armor: Scale mail        |    72 |    96 ||   168
Dodge: Dodged            |    68 |    85 ||   153
